NCAA
TEXAS A&M AGGIES @ XAVIER MUSKETEERS
05/02/2027
 
TOP OF THE 1ST
Texas A&M Aggies batting - Pitching for Xavier Musketeers : RHP Garrett Bell
Pitching: RHP Garrett Bell
Batting: RHB Irwin Robinson 0-0: Called Strike
0-1: Ground out 4-3 (Groundball, 4)
Batting: RHB Jason Lawson 0-0: Swinging Strike
0-1: Ball
1-1: Swinging Strike
1-2: Strikes out swinging
Batting: LHB Edward Bennett 0-0: Swinging Strike
0-1: Swinging Strike
0-2: SINGLE (Groundball, 25) (infield hit)
Batting: RHB Brandon Townsley 0-0: Ball
Edward Bennett is caught stealing 2nd base
Top of the 1st over - 0 run(s), 1 hit(s), 0 error(s), 0 left on base; Texas A&M 0 - Xavier 0
BOTTOM OF THE 1ST
Xavier Musketeers batting - Pitching for Texas A&M Aggies : RHP Josh Ewing
Pitching: RHP Josh Ewing
Batting: RHB Weldon Samuels 0-0: Ball
1-0: Called Strike
1-1: Ball
2-1: Ball
3-1: Ground out 6-3 (Groundball, 6)
Batting: RHB Florentino López 0-0: Ball
1-0: Foul Ball, location: 2F
1-1: Foul Ball, location: 2F
1-2: Strikes out swinging
Batting: LHB Freddy Torres 0-0: Called Strike
0-1: Ground out 4-3 (Groundball, 4)
Bottom of the 1st over - 0 run(s), 0 hit(s), 0 error(s), 0 left on base; Texas A&M 0 - Xavier 0
TOP OF THE 2ND
Texas A&M Aggies batting - Pitching for Xavier Musketeers : RHP Garrett Bell
Batting: RHB Brandon Townsley 0-0: Called Strike
0-1: SINGLE (Groundball, 6S) (infield hit)
Batting: RHB Kevin Wilson 0-0: Ball
1-0: Called Strike
1-1: Fly out, F7 (Flyball, 7)
Batting: RHB James Richardson 0-0: Foul Ball, location: 2F
0-1: Ball
1-1: Fly out, F6 (Line Drive, 6M)
Batting: LHB Steve Hoffman 0-0: Ball
1-0: Swinging Strike
1-1: Ball
2-1: DOUBLE (Line Drive, 78M)
Brandon Townsley to third
Runner from 3rd tries for Home, SAFE, no throw
Batting: RHB Pat Thomas 0-0: Foul Ball, location: 2F
0-1: Swinging Strike
0-2: Foul Ball, location: 2F
0-2: Fly out, F9 (Flyball, 89M)
Top of the 2nd over - 1 run(s), 2 hit(s), 0 error(s), 1 left on base; Texas A&M 1 - Xavier 0
BOTTOM OF THE 2ND
Xavier Musketeers batting - Pitching for Texas A&M Aggies : RHP Josh Ewing
Batting: LHB Luis Martínez 0-0: Called Strike
0-1: Called Strike
0-2: Strikes out swinging, 2-3 out at first.
Batting: RHB Jeff Lawrence 0-0: Called Strike
0-1: Foul Ball, location: 2F
0-2: Ball
1-2: Fly out, F9 (Flyball, 9)
Batting: RHB Les Rupp 0-0: Swinging Strike
0-1: Swinging Strike
0-2: Strikes out swinging
Bottom of the 2nd over - 0 run(s), 0 hit(s), 0 error(s), 0 left on base; Texas A&M 1 - Xavier 0
TOP OF THE 3RD
Texas A&M Aggies batting - Pitching for Xavier Musketeers : RHP Garrett Bell
Batting: RHB Paul Stewart 0-0: Called Strike
0-1: Foul Ball, location: 2F
0-2: Foul Ball, location: 2F
0-2: Ball
1-2: Strikes out looking
Batting: RHB Irwin Robinson 0-0: SOLO HOME RUN (Flyball, 78XD), Distance : 403 ft
Batting: RHB Jason Lawson 0-0: Called Strike
0-1: Ball
1-1: Ball
2-1: Foul Ball, location: 2F
2-2: Foul Ball, location: 2F
2-2: Strikes out swinging
Batting: LHB Edward Bennett 0-0: Called Strike
0-1: Called Strike
0-2: Foul Ball, location: 2F
0-2: SINGLE (Groundball, 6MD)
Batting: RHB Brandon Townsley 0-0: Ball
1-0: Foul Ball, location: 2F
1-1: DOUBLE (Popup, 4D)
Edward Bennett to third
Runner from 3rd tries for Home, SAFE, no throw
Batting: RHB Kevin Wilson 0-0: Called Strike
0-1: Called Strike
0-2: Ball
1-2: SINGLE (Flyball, 8LS)
Brandon Townsley to third
Runner from 3rd tries for Home, SAFE, no throw
Batting: RHB James Richardson 0-0: Ball
1-0: Fielders Choice at 2nd, 6-4 (Groundball, 6)
Top of the 3rd over - 3 run(s), 4 hit(s), 0 error(s), 0 left on base; Texas A&M 4 - Xavier 0
BOTTOM OF THE 3RD
Xavier Musketeers batting - Pitching for Texas A&M Aggies : RHP Josh Ewing
Batting: LHB Bobby Meegan 0-0: Called Strike
0-1: Fly out, F2 (Popup, 25)
Batting: RHB Bobby Doyle 0-0: Ball
1-0: Swinging Strike
1-1: Swinging Strike
1-2: SINGLE (Popup, 6D)
Batting: LHB Pancho Robles 0-0: Ball
1-0: Called Strike
1-1: Swinging Strike
1-2: Foul Ball, location: 2F
1-2: Ball
2-2: Ball
3-2: Strikes out swinging
Bobby Doyle steals 2nd base
Batter strikes out.
Batting: RHB Weldon Samuels 0-0: Swinging Strike
0-1: SINGLE (Line Drive, 89S)
Bobby Doyle to third
Runner from 3rd tries for Home, SAFE, throw made home
Batting: RHB Florentino López 0-0: Ball
1-0: Ball
2-0: Foul Ball, location: 2F
2-1: Called Strike
2-2: Ball
3-2: SINGLE (Groundball, 34D)
Weldon Samuels to second
Weldon Samuels to third
Batting: LHB Freddy Torres 0-0: Foul Ball, location: 2F
0-1: Ball
1-1: Fly out, F8 (Flyball, 8LD)
Bottom of the 3rd over - 1 run(s), 3 hit(s), 0 error(s), 2 left on base; Texas A&M 4 - Xavier 1
TOP OF THE 4TH
Texas A&M Aggies batting - Pitching for Xavier Musketeers : RHP Garrett Bell
Batting: LHB Steve Hoffman 0-0: SINGLE (Groundball, 34D)
Batting: RHB Pat Thomas 0-0: Called Strike
0-1: Foul Ball, location: 2F
0-2: Ball
1-2: Ball
2-2: Fly out, F4 (Popup, 4MD)
Batting: RHB Paul Stewart 0-0: Called Strike
0-1: Called Strike
0-2: Ball
1-2: Ball
2-2: Ball
3-2: Grounds into double play, 1-6-3 (Groundball, 13)
Top of the 4th over - 0 run(s), 1 hit(s), 0 error(s), 0 left on base; Texas A&M 4 - Xavier 1
BOTTOM OF THE 4TH
Xavier Musketeers batting - Pitching for Texas A&M Aggies : RHP Josh Ewing
Batting: LHB Luis Martínez 0-0: Called Strike
0-1: Called Strike
0-2: Strikes out swinging
Batting: RHB Jeff Lawrence 0-0: Ball
1-0: Ball
2-0: Swinging Strike
2-1: Ball
3-1: Foul Ball, location: 2F
3-2: Foul Ball, location: 2F
3-2: Strikes out swinging
Batting: RHB Les Rupp 0-0: Foul Ball, location: 2F
0-1: Swinging Strike
0-2: Strikes out swinging
Bottom of the 4th over - 0 run(s), 0 hit(s), 0 error(s), 0 left on base; Texas A&M 4 - Xavier 1
TOP OF THE 5TH
Texas A&M Aggies batting - Pitching for Xavier Musketeers : RHP Garrett Bell
Batting: RHB Irwin Robinson 0-0: Ball
1-0: Fly out, F9 (Flyball, 89M)
Batting: RHB Jason Lawson 0-0: Ball
1-0: Ball
2-0: Foul Ball, location: 2F
2-1: Ball
3-1: Base on Balls
Batting: LHB Edward Bennett 0-0: Fly out, F8 (Flyball, 8LD)
Batting: RHB Brandon Townsley 0-0: Foul Ball, location: 2F
0-1: Fly out, F2 (Popup, 3S)
Top of the 5th over - 0 run(s), 0 hit(s), 0 error(s), 1 left on base; Texas A&M 4 - Xavier 1
BOTTOM OF THE 5TH
Xavier Musketeers batting - Pitching for Texas A&M Aggies : RHP Josh Ewing
Batting: LHB Bobby Meegan 0-0: Ball
1-0: Called Strike
1-1: Swinging Strike
1-2: Foul Ball, location: 2F
1-2: Fly out, F2 (Popup, 2R)
Batting: RHB Bobby Doyle 0-0: Ball
1-0: Ball
2-0: Called Strike
2-1: Fly out, F7 (Line Drive, 7)
Batting: LHB Pancho Robles 0-0: Called Strike
0-1: Foul Ball, location: 2F
0-2: SINGLE (Groundball, 4MD)
Batting: RHB Weldon Samuels 0-0: Ball
1-0: Ground out 1-3 (Groundball, P)
Bottom of the 5th over - 0 run(s), 1 hit(s), 0 error(s), 1 left on base; Texas A&M 4 - Xavier 1
TOP OF THE 6TH
Texas A&M Aggies batting - Pitching for Xavier Musketeers : RHP Garrett Bell
Batting: RHB Kevin Wilson 0-0: Ball
1-0: Ball
2-0: Called Strike
2-1: Fly out, F7 (Flyball, 78D)
Batting: RHB James Richardson 0-0: Ground out 5-3 (Groundball, 56S)
Batting: LHB Steve Hoffman 0-0: Called Strike
0-1: SOLO HOME RUN (Flyball, 7D), Distance : 382 ft
Batting: RHB Pat Thomas 0-0: Ball
1-0: Ball
2-0: Called Strike
2-1: Swinging Strike
2-2: Strikes out looking
Top of the 6th over - 1 run(s), 1 hit(s), 0 error(s), 0 left on base; Texas A&M 5 - Xavier 1
BOTTOM OF THE 6TH
Xavier Musketeers batting - Pitching for Texas A&M Aggies : RHP Josh Ewing
Batting: RHB Florentino López 0-0: Called Strike
0-1: Ball
1-1: Foul Ball, location: 2F
1-2: Ball
2-2: Ball
3-2: Foul Ball, location: 2F
3-2: Foul Ball, location: 2F
3-2: Base on Balls
Pitching: LHP Frank Monroe
Batting: LHB Freddy Torres 0-0: Called Strike
0-1: Ball
1-1: Fly out, F9 (Flyball, 9S)
Batting: LHB Luis Martínez 0-0: Called Strike
0-1: Fielders Choice at 2nd, 4-6 (Groundball, 34)
Batting: RHB Jeff Lawrence 0-0: Swinging Strike
0-1: Ball
1-1: Foul Ball, location: 2F
1-2: Fly out, F9 (Flyball, 9)
Bottom of the 6th over - 0 run(s), 0 hit(s), 0 error(s), 1 left on base; Texas A&M 5 - Xavier 1
TOP OF THE 7TH
Texas A&M Aggies batting - Pitching for Xavier Musketeers : RHP Garrett Bell
Pitching: LHP Jon Tierney
Batting: RHB Paul Stewart 0-0: Ball
1-0: Called Strike
1-1: Ball
2-1: Called Strike
2-2: Fly out, F6 (Popup, 56D)
Batting: RHB Irwin Robinson 0-0: Fly out, F7 (Line Drive, 78M)
Batting: RHB Jason Lawson 0-0: Ball
1-0: Swinging Strike
1-1: Ball
2-1: Ball
3-1: Base on Balls
Batting: LHB Edward Bennett 0-0: Foul Ball, location: 2F
0-1: Ball
1-1: Fly out, F6 (Line Drive, 6M)
Top of the 7th over - 0 run(s), 0 hit(s), 0 error(s), 1 left on base; Texas A&M 5 - Xavier 1
BOTTOM OF THE 7TH
Xavier Musketeers batting - Pitching for Texas A&M Aggies : LHP Frank Monroe
Batting: RHB Les Rupp 0-0: Called Strike
0-1: Ball
1-1: Ball
2-1: Fly out, F7 (Flyball, 7S)
Batting: LHB Bobby Meegan 0-0: Ball
1-0: Called Strike
1-1: Ball
2-1: Ball
3-1: Fly out, F6 (Popup, 6S)
Batting: RHB Bobby Doyle 0-0: Ball
1-0: Foul Ball, location: 2F
1-1: Fly out, F8 (Flyball, 8LM)
Bottom of the 7th over - 0 run(s), 0 hit(s), 0 error(s), 0 left on base; Texas A&M 5 - Xavier 1
TOP OF THE 8TH
Texas A&M Aggies batting - Pitching for Xavier Musketeers : LHP Jon Tierney
Batting: RHB Brandon Townsley 0-0: Ball
1-0: Ball
2-0: Ball
3-0: Called Strike
3-1: Foul Ball, location: 2F
3-2: Strikes out swinging
Batting: RHB Kevin Wilson 0-0: Ball
1-0: Ball
2-0: Ball
3-0: Base on Balls
Batting: RHB James Richardson 0-0: Swinging Strike
0-1: Called Strike
0-2: Ball
1-2: Ball
2-2: Strikes out looking
Batting: LHB Steve Hoffman 0-0: SINGLE (Groundball, 56) (infield hit)
Kevin Wilson to second
Batting: RHB Pat Thomas 0-0: Ball
1-0: Called Strike
1-1: Ball
2-1: Ball
3-1: Base on Balls
Kevin Wilson to third
Steve Hoffman to second
Batting: RHB Paul Stewart 0-0: Ground out 4-3 (Groundball, 4M)
Top of the 8th over - 0 run(s), 1 hit(s), 0 error(s), 3 left on base; Texas A&M 5 - Xavier 1
BOTTOM OF THE 8TH
Xavier Musketeers batting - Pitching for Texas A&M Aggies : LHP Frank Monroe
Batting: LHB Pancho Robles 0-0: Foul Ball, location: 2F
0-1: Ball
1-1: Foul Ball, location: 2F
1-2: Strikes out swinging
Batting: RHB Weldon Samuels 0-0: Called Strike
0-1: Foul Ball, location: 2F
0-2: Ball
1-2: Ball
2-2: Foul Ball, location: 2F
2-2: Ball
3-2: Foul Ball, location: 2F
3-2: Foul Ball, location: 2F
3-2: Base on Balls
Batting: RHB Florentino López 0-0: Swinging Strike
0-1: Ball
1-1: Swinging Strike
1-2: Ball
2-2: Foul Ball, location: 2F
2-2: Ball
3-2: Base on Balls
Weldon Samuels to second
Batting: LHB Freddy Torres 0-0: Ball
1-0: Ball
2-0: Swinging Strike
2-1: Swinging Strike
2-2: Strikes out swinging
Batting: LHB Luis Martínez 0-0: Ground out 3-1 (Groundball, 34)
Bottom of the 8th over - 0 run(s), 0 hit(s), 0 error(s), 2 left on base; Texas A&M 5 - Xavier 1
TOP OF THE 9TH
Texas A&M Aggies batting - Pitching for Xavier Musketeers : LHP Jon Tierney
Batting: RHB Irwin Robinson 0-0: Ball
1-0: Called Strike
1-1: Foul Ball, location: 2F
1-2: Ball
2-2: Ball
3-2: Base on Balls
Batting: RHB Jason Lawson 0-0: Ball
1-0: Called Strike
Irwin Robinson steals 2nd base
1-1: Hit by Pitch
Batting: LHB Edward Bennett 0-0: Called Strike
Irwin Robinson steals 3rd base
Jason Lawson to second
0-1: Called Strike
0-2: Ball
1-2: Ball
2-2: Strikes out swinging
Batting: RHB Brandon Townsley 0-0: Ball
1-0: Swinging Strike
1-1: SINGLE (Groundball, 56D)
Irwin Robinson scores
Jason Lawson to third
Runner from 3rd tries for Home, SAFE, throw made home
Brandon Townsley to second
Pitching: RHP Guy Scott
Batting: RHB Kevin Wilson 0-0: Foul Ball, location: 2F
0-1: Ball
1-1: Ball
2-1: Ball
3-1: Called Strike
3-2: Base on Balls
Batting: RHB James Richardson 0-0: Ball
1-0: Ball
2-0: Grounds into double play, 6-4-3 (Groundball, 6)
Top of the 9th over - 2 run(s), 1 hit(s), 0 error(s), 1 left on base; Texas A&M 7 - Xavier 1
BOTTOM OF THE 9TH
Xavier Musketeers batting - Pitching for Texas A&M Aggies : LHP Frank Monroe
Now in RF: George Wells
Batting: RHB Jeff Lawrence 0-0: Ball
1-0: SINGLE (Groundball, 56D)
Batting: RHB Les Rupp 0-0: Ball
1-0: Ball
2-0: Fly out, F9 (Flyball, 89M)
Batting: LHB Bobby Meegan 0-0: Called Strike
0-1: Ball
1-1: Called Strike
1-2: Strikes out swinging
Batting: RHB Bobby Doyle 0-0: Ball
1-0: Ball
2-0: Ball
3-0: Base on Balls
Jeff Lawrence to second
Batting: LHB Pancho Robles 0-0: Ball
1-0: Swinging Strike
1-1: Called Strike
1-2: Ball
2-2: Foul Ball, location: 2F
2-2: Strikes out looking
Bottom of the 9th over - 0 run(s), 1 hit(s), 0 error(s), 2 left on base; Texas A&M 7 - Xavier 1
Thursday, March 30th, 2017 - OOTP Baseball 17.12 Build 75